 Dungeon Crawl Stone Soup version 0.18.1-48-g4cf74bf (webtiles) character file.

163 Implojin the Chopper (level 5, 0/45 HPs)
             Began as a Minotaur Fighter on June 29, 2016.
             Slain by a worker ant (4 damage)
             ... on level 4 of the Dungeon.
             The game lasted 00:02:32 (299 turns).

Implojin the Chopper (Minotaur Fighter)              Turns: 299, Time: 00:02:33

Health: 0/45       AC:  6    Str: 25    XL:     5   Next: 20%
Magic:  4/4        EV:  7    Int:  5    God:
Gold:   11         SH: 10    Dex: 11    Spells: 0 memorised, 4 levels left

rFire  . . .     SeeInvis .     a - +0 war axe
rCold  . . .     Gourm    .     b - +0 scale mail
rNeg   . . .     Faith    .     c - +0 shield
rPois  .         Spirit   .     (helmet restricted)
rElec  .         Dismiss  .     (no cloak)
rCorr  .         Reflect  .     (no gloves)
SustAt .         Harm     .     (no boots)
MR     .....                    (no amulet)
Stlth  ..........               (no ring)
                                (no ring)

@: mighty, lethally poisoned (0 -> -6), not resistant to hostile enchantments,
extremely unstealthy
A: retaliatory headbutt, horns 2
a: no special abilities


You were on level 4 of the Dungeon.
You were not hungry.

You visited 1 branch of the dungeon, and saw 4 of its levels.

You collected 11 gold pieces.

Inventory:

Hand Weapons
 a - a +0 war axe (weapon)
Armour
 b - a +0 scale mail (worn)
 c - a +0 shield (worn)
Scrolls
 e - a scroll of identify {unknown}
 g - a scroll of remove curse {unknown}
 h - a scroll of teleportation {unknown}
 i - a scroll of amnesia {unknown}
Comestibles
 f - a bread ration


   Skills:
 - Level 3.6 Fighting
 * Level 6.6 Axes
 - Level 3.6 Armour
 - Level 3.6 Shields


You had 4 spell levels left.
You didn't know any spells.

Dungeon Overview and Level Annotations

Branches:
Dungeon (4/15)
 Temple: D:4-7

Altars:


Innate Abilities, Weirdness & Mutations

You reflexively headbutt those who attack you in melee.
You have a pair of horns on your head.


Message History

There is an open door here.
Something bites the withered plant.
The quokka skeleton barely misses you.
There is an open door here.
Your shield and scale mail prevent you from hitting the quokka skeleton.
You headbutt the quokka skeleton!
You destroy the quokka skeleton!
Drink which item? (? for menu, Esc to quit)
Okay, then.
Found a stone staircase leading up.
You slash the hound zombie! Your headbutt misses the hound zombie.
The hound zombie bites you but does no damage. x2
You barely miss the hound zombie. The hound zombie barely misses you.
You furiously retaliate!
You headbutt the hound zombie! You barely miss the worker ant.
You closely miss the hound zombie. You block the hound zombie's attack.
The worker ant bites you but does no damage.
You block the hound zombie's attack. The worker ant bites you.
* * * LOW HITPOINT WARNING * * *
You are lethally poisoned!
The worker ant poisons you!
Drink which item? (? for menu, Esc to quit)
Okay, then.
Read which item? (? for menu, Esc to quit)
Okay, then.
Drink which item? (? for menu, Esc to quit)
You feel very mighty all of a sudden.
* * * LOW HITPOINT WARNING * * *
You feel sick. The hound zombie closely misses you.
You block the worker ant's attack.
Unknown command.
Unknown command.
You slash the worker ant! Your headbutt misses the worker ant.
The worker ant is almost dead.
You closely miss the hound zombie.
* * * LOW HITPOINT WARNING * * *
You feel sick.
The hound zombie bites you but does no damage.
The worker ant bites you.
You die...

...## #.#........# #.#
≈≈...##.#........# #.#
≈≈≈..............# #..
.≈...............# ...
.P.Z..a..###.....#....
######'#..............
#.#...........
#.#.ZZa.......
#.#...@.......
#.#...........
#.#....$......
#.#...........
#.#....<......
#.........#.
#####...### ####


You could see a worker ant, a giant gecko zombie and a hound zombie.

Vanquished Creatures
  A giant frog zombie (D:4)
  2 orc wizards (D:3)
  A worker ant zombie (D:4)
  3 adders
  An adder zombie (D:4)
  An adder skeleton (D:4)
  A dart slug (D:3)
  8 orcs
  4 bats
  2 kobolds
  A ball python (D:2)
  A giant gecko skeleton (D:4)
  A giant newt (D:3)
  A goblin (D:1)
  A quokka skeleton (D:4)
  2 rats (D:3)
31 creatures vanquished.

Notes
Turn   | Place    | Note
--------------------------------------------------------------
     0 | D:1      | Implojin the Minotaur Fighter began the quest for the Orb.
     0 | D:1      | Reached XP level 1. HP: 19/19 MP: 0/0
    46 | D:2      | Reached skill level 3 in Axes
    46 | D:2      | Reached XP level 2. HP: 26/26 MP: 1/1
    68 | D:3      | Reached skill level 4 in Axes
    82 | D:3      | Reached XP level 3. HP: 23/31 MP: 2/2
    86 | D:3      | Reached skill level 5 in Axes
    88 | D:3      | Reached XP level 4. HP: 13/39 MP: 3/3
   259 | D:4      | Reached skill level 6 in Axes
   259 | D:4      | Reached XP level 5. HP: 18/45 MP: 4/4
   299 | D:4      | Slain by a worker ant

Skill      XL: |  1  2  3  4 |
---------------+-------------+-----
Axes           | 3 4 5 6 |  6.6
Fighting       | |  3.6
Armour         | |  3.6
Shields        | |  3.6

Action                   |  1- 3 |  4- 6 || total
-------------------------+-------+-------++-------
Melee: War axe           |    29 |    54 ||    83
       Headbutt          |     3 |    11 ||    14
  Use: Potion            |       |     1 ||     1
Armor: Scale mail        |    23 |    24 ||    47
Dodge: Dodged            |    23 |    18 ||    41
Block: Shield            |    26 |    32 ||    58

Table legend:
 A = Turns spent in this place as a percentage of turns spent in the entire game.
 B = Non-inter-level travel turns spent in this place as a percentage of non-inter-level travel turns spent in the entire game.
 C = Inter-level travel turns spent in this place as a percentage of turns spent in this place.
 D = Turns resting spent in this place as a percentage of non-inter-level travel turns spent in this place.
 E = Turns spent auto-exploring this place as a percentage of non-inter-level travel turns spent in this place.
 F = Non-inter-level travel turns spent in this place divided by the number of levels of this place that you've seen.
                   A       B       C       D       E      F
               +-------+-------+-------+-------+-------+----------------------
         Total | 100.0 | 100.0 |   0.0 |   0.0 |   0.0 |  79.0
       Dungeon | 100.0 | 100.0 |   0.0 |   0.0 |   0.0 |  79.0
               +-------+-------+-------+-------+-------+----------------------

Table legend:
 A = Kills in this place as a percentage of kills in entire the game.
 B = Kills by you in this place as a percentage of kills by you in the entire game.
 C = Kills by friends in this place as a percentage of kills by friends in the entire game.
 D = Other kills in this place as a percentage of other kills in the entire game.
 E = Experience gained in this place as a percentage of experience gained in the entire game.
 F = Experience gained in this place divided by the number of levels of this place that you have seen.
                   A       B       C       D       E      F
               +-------+-------+-------+-------+-------+----------------------
         Total | 100.0 | 100.0 |  -nan |  -nan | 100.0 |  58.2
       Dungeon | 100.0 | 100.0 |  -nan |  -nan | 100.0 |  58.2
               +-------+-------+-------+-------+-------+----------------------
